 Dungeon Crawl Stone Soup version 0.28.0-45-g0d030f2227 (webtiles) character file.

Game seed: 9286703792947494299

103 sanboga the Shield-Bearer (level 4, -1/29 HPs)
             Began as a Gargoyle Fighter on Apr 21, 2022.
             Slain by Natasha (4 damage)
             ... on level 2 of the Dungeon.
             The game lasted 00:02:05 (1482 turns).

sanboga the Shield-Bearer (Gargoyle Fighter)        Turns: 1482, Time: 00:02:05

Health: -1/29      AC: 13    Str: 22 (24) XL:     4   Next: 79%
Magic:  3/3        EV:  8    Int:  5 (8)  God:
Gold:   67         SH:  0    Dex:  6 (9)  Spells: 3/3 levels left

rFire   . . .      SeeInvis .   a - +0 war axe
rCold   . . .      Faith    .   m - orb {*Rage}
rNeg    + . .      Spirit   .   e - +0 chain mail
rPois   ∞          Reflect  .   (no helmet)
rElec   +          Harm     .   (no cloak)
rCorr   .          Rampage  .   (no gloves)
Will    .....      Rage     20% (no boots)
Stlth   ..........              (no amulet)
HPRegen 0.09/turn               (no ring)
MPRegen 0.08/turn               (no ring)

@: on berserk cooldown
A: sickness immunity, AC +3, negative energy resistance 1, electricity
resistance, torment resistance 1, petrification resistance, low MP 2, strong 1
a: no special abilities


You were on level 2 of the Dungeon.
You visited 1 branch of the dungeon, and saw 2 of its levels.

You collected 67 gold pieces.

Inventory:

Hand Weapons
 a - a +0 war axe (weapon)
Armour
 c - a +0 buckler
 e - a +0 chain mail (worn)
 m - an orb of wrath (worn)
Scrolls
 f - 2 scrolls of identify {unknown}
 g - a scroll of blinking {unknown}
 i - a scroll of noise {unknown}
Potions
 b - a potion of attraction {unknown}
 d - a potion of might
 h - a potion of degeneration
 k - a potion of flight {unknown}
 l - a potion of mutation
 o - a potion of curing {unknown}


   Skills:
 + Level 3.9 Fighting
 * Level 3.0 Axes
 + Level 3.9 Armour
 + Level 3.9 Shields


You had 3 spell levels left.
You didn't know any spells.
Your spell library contained the following spells:

 Spells                   Type           Power      Damage    Failure   Level
 Dazzling Flash           Conj/Hex       0%         N/A       100%        3
 Animate Armour           Summ/Erth      0%         N/A       100%        4
 Agony                    Necr           0%         N/A       100%        5
 Blade Hands              Tmut           0%         N/A       100%        5
 Silence                  Hex/Air        0%         N/A       100%        5
 Iron Shot                Conj/Erth      0%         9d1       100%        6


Dungeon Overview and Level Annotations

Branches:
Dungeon (2/15)

Altars:

Annotations:
D:2 Natasha


Innate Abilities, Weirdness & Mutations

You are immune to sickness and miasma.
Your stone body is resilient. (AC +3)
You are immune to poison.
You resist negative energy. (rN+)
You are resistant to electric shocks. (rElec)
You are resistant to unholy torment.
You are immune to petrification.
Your magical capacity is very low. (-20% MP)
Your muscles are strong. (Str +2)


Message History

You hit Natasha.
Natasha is heavily wounded.
Natasha drinks a potion.
Natasha seems to grow stronger.
Natasha closely misses you.
You hit Natasha.
Natasha is heavily wounded.
Natasha wildly gestures.
Natasha shimmers violently.
Natasha claws you. Natasha claws you but does no damage.
You miss Natasha.
Natasha is heavily wounded.
Natasha barely misses you. Natasha claws you but does no damage.
Natasha claws you!
* * * LOW HITPOINT WARNING * * *
You are too injured to fight recklessly!
You barely miss Natasha.
Natasha is heavily wounded.
Natasha mumbles some strange words.
Natasha claws you but does no damage.
It was a potion of degeneration.
There was something very wrong with that liquid.
You feel weakened.
You feel dopey.
You feel clumsy. Natasha claws you but does no damage.
The iron imp hits you but does no damage.
It was a potion of mutation.
You feel extremely strange.
You feel less energetic. x2; You feel stronger.
Natasha growls.
Natasha claws you but does no damage. The iron imp hits you.
* * * LOW HITPOINT WARNING * * *
Natasha claws you but does no damage.
It was a potion of berserk rage.
You're still recovering from your berserk rage.
The iron imp hits you but does no damage.
Natasha closely misses you.
It was a potion of cancellation.
Your magical effects are unravelling.
You feel magically purged.
You feel yourself speed up. Natasha claws you.
You die...

#.......#.................
#..........>†.............
#.........#'#...#...#.....
#.........#.#...#.).#.....
#.........#.....^..)......
#.........#######......#..
#.........#######......#
#....##.5..............##.
#....##..@h.............#.
#.).....................#.
#........##....#...#....#.
#........##....#..........
#........##....#..........
#........#......###.......
#...#.....#.......#........
#...#.....#..............#.
#...#.......#..........#...


You could see an iron imp (summoned) and Natasha (strong).

Vanquished Creatures
  Jessica (D:2)
  Natasha (D:2)
  2 adders (D:2)
  2 dart slugs
  An orc (D:2)
  3 bats
  An endoplasm (D:1)
  A giant cockroach (D:1)
  3 goblins (D:2)
  2 hobgoblins (D:1)
  6 ball pythons
  A frilled lizard (D:1)
  3 kobolds
  3 rats
30 creatures vanquished.

Notes
Turn   | Place    | Note
-------+----------+-------------------------------------------
     0 | D:1      | sanboga the Gargoyle Fighter began the quest for the Orb.
     0 | D:1      | Reached XP level 1. HP: 14/14 MP: 1/1
   277 | D:1      | Reached XP level 2. HP: 18/19 MP: 2/2
   564 | D:1      | Found a faded altar of an unknown god.
  1129 | D:2      | Reached XP level 3. HP: 23/23 MP: 3/3
  1412 | D:2      | Noticed Jessica
  1421 | D:2      | Killed Jessica
  1422 | D:2      | Reached XP level 4. HP: 29/29 MP: 4/4
  1449 | D:2      | Noticed Natasha
  1456 | D:2      | Killed Natasha
  1472 | D:2      | Noticed Natasha
  1480 | D:2      | Gained mutation: Your magical capacity is low. (-10% MP)
                  | [potion of mutation]
  1480 | D:2      | Gained mutation: Your magical capacity is very low. (-20%
                  | MP) [potion of mutation]
  1480 | D:2      | Gained mutation: Your muscles are strong. (Str +2) [potion
                  | of mutation]
  1482 | D:2      | Slain by Natasha

Illustrated notes

Levels and vault maps discovered:
D:1:      dpeg_arrival_concentric_ovals, layout_loops_corners,
          dreamdust_ecumenical_altar_hidden_monk_grotto
D:2:      layout_basic, serial_shops, shop, kennysheep_decorative_pillar,
          chequers_decorated_corner, uniq_jessica, uniq_natasha

Skill      XL: |  1  2  3  4 |
---------------+-------------+-----
Axes           | 2 3 |  3.0
Fighting       | |  3.9
Armour         | |  3.9
Shields        | |  3.9

Action                   |  1- 3 |  4- 6 || total
-------------------------+-------+-------++-------
Melee: War axe           |    64 |    14 ||    78
  Use: Potion            |       |     4 ||     4
Armor: Chain mail        |    33 |    19 ||    52
       Scale mail        |     2 |       ||     2
Dodge: Dodged            |    26 |    12 ||    38
Block: Buckler           |    14 |       ||    14
